 Dungeon Crawl Stone Soup version 0.14-a0-1403-g5d3c58f (webtiles) character file.

120 PolkaDot the Skirmisher (level 4, -4/35 HPs)
             Began as a Vampire Death Knight on Dec 10, 2013.
             Was a Believer of Yredelemnul.
             Slain by a hound (6 damage)
             ... on Level 4 of the Dungeon.
             The game lasted 00:06:44 (2366 turns).

PolkaDot the Skirmisher (Vampire Death Knight)      Turns: 2366, Time: 00:06:45

HP  -4/35        AC  3     Str 12      XL: 4   Next: 60%
MP   5/5         EV 12     Int 13      God: Yredelemnul [**....]
Gold 11          SH  0     Dex 14      Spells:  0 memorised,  3 levels left

rFire  . . .     SeeInvis +     m - +2 cutlass
rCold  . . .     Clarity  .     b - +0 leather armour
rNeg   + . .     Conserve .     (no shield)
rPois  .         rCorr    .     (no helmet)
rElec  .         rRot     .     (no cloak)
SustAb . .       Spirit   .     (no gloves)
rMut   .         Warding  .     (no boots)
Saprov . . .     Stasis   .     (no amulet)
                                (no ring)
                                (no ring)

@: slightly resistant to hostile enchantments, unstealthy
A: fangs 3, see invisible, unbreathing
a: Bat Form, Animate Remains, Recall Undead Slaves, Injury Mirror, Renounce
Religion


You were on level 4 of the Dungeon.
You worshipped Yredelemnul.
Yredelemnul was pleased with you.
You were not thirsty.

You visited 1 branch of the dungeon, and saw 4 of its levels.

You collected 151 gold pieces.
You spent 140 gold pieces at shops.

Inventory:

Hand weapons
 m - a +2,+2 cutlass (weapon)
Armour
 b - a +0 leather armour (worn)
Magical devices
 u - a wand of cold (8)
Scrolls
 c - 5 scrolls of teleportation {unknown}
 d - 2 scrolls of fear {unknown}
 e - 2 scrolls of remove curse {unknown}
 g - 2 scrolls of random uselessness {unknown}
 h - 2 scrolls of magic mapping {unknown}
 i - a scroll of fog {unknown}
 j - a scroll of curse weapon {unknown}
 k - 2 scrolls of immolation {unknown}
 l - 3 scrolls of identify {unknown}
 o - a scroll of enchant armour {unknown}
 q - a scroll of noise {unknown}
 r - a scroll of curse jewellery {unknown}
Potions
 a - 2 potions of curing
 f - 2 potions of heal wounds {unknown}
 n - a potion of speed {unknown}
 p - 2 potions of restore abilities
 s - a potion of agility
 t - a potion of might


   Skills:
 * Level 3.2 Fighting
 + Level 3.1 Short Blades
 - Level 0.7 Armour
 + Level 2.9 Dodging
 - Level 2.4 Invocations


You had 3 spell levels left.
You didn't know any spells.

Dungeon Overview and Level Annotations

Branches:
Dungeon (4/16)
 Temple: D:4-7

Altars:

Shops:
D:4 !


Innate Abilities, Weirdness & Mutations

You have razor-sharp teeth.*
You have supernaturally acute eyesight.
You can survive without breathing.*


Message History

You barely miss the hound. Your bite misses the hound.
The hound is heavily wounded.
The hound bites you.
* * * LOW HITPOINT WARNING * * *
You hit the hound.
The hound is almost dead.
The hound bites you.
* * * LOW HITPOINT WARNING * * *
The hound closely misses you.
You closely miss the hound.
The hound is almost dead.
The hound bites you.
* * * LOW HITPOINT WARNING * * *
You hit the hound but do no damage.
The hound is almost dead.
The hound bites you.
* * * LOW HITPOINT WARNING * * *
The hound bites you.
You die...
Yredelemnul claims you as an undead slave.

##### #...# # #.#.#
###### ##.### #.#.#
#..... #.....
#.#.#####.#.##
+....h####.#.......#.#
#.....@....######..#.#
#......#.8..∩..8...#<#
#......####.###.#..#.#
........# #.....#..#.#
##.#....# #.##..#..#..
#....(.# #.##..######
##....# #.(.... ...#.#
#.##### ..# #..


You could see a hound.

Vanquished Creatures
  5 adders
  3 giant geckos
  An ooze (D:2)
  An orc (D:3)
  11 bats
  2 giant cockroaches
  6 hobgoblins
  7 jackals
  2 kobolds
  A quokka (D:2)
  3 ball pythons
  2 giant newts (D:3)
  9 goblins
  7 rats
60 creatures vanquished.

Vanquished Creatures (collateral kills)
  A goblin (D:3)
1 creature vanquished.

Grand Total: 61 creatures vanquished

Notes
Turn   | Place    | Note
--------------------------------------------------------------
     0 | D:1      | PolkaDot, the Vampire Death Knight, began the quest for the Orb.
     0 | D:1      | Reached XP level 1. HP: 16/16 MP: 1/1
   445 | D:1      | Reached XP level 2. HP: 22/22 MP: 2/2
  1098 | D:2      | Reached XP level 3. HP: 19/27 MP: 4/4
  1309 | D:2      | Acquired Yredelemnul's second power
  1840 | D:3      | Reached skill level 3 in Short Blades
  1924 | D:3      | Reached XP level 4. HP: 34/34 MP: 5/5
  2332 | D:4      | Found Goquf's Distillery.
  2338 | D:4      | Bought a potion of agility for 35 gold pieces
  2338 | D:4      | Bought a potion of might for 35 gold pieces
  2338 | D:4      | Bought a potion of restore abilities for 42 gold pieces
  2338 | D:4      | Bought a potion of curing for 28 gold pieces
  2366 | D:4      | Slain by a hound

Action                   |  1- 3 |  4- 6 || total
-------------------------+-------+-------++-------
Melee: Short sword       |   161 |       ||   161
       Cutlass           |     1 |    50 ||    51
Invok: Animate Remains   |     3 |     7 ||    10
Evoke: Wand              |       |     1 ||     1
  Use: Potion            |     1 |       ||     1
